 Dungeon Crawl Stone Soup version 0.24-a0-458-gfcb5e6da0e (webtiles) character file.

Game seed: 6171112771597162474

8388 Azzok the Cleaver (level 11, -2/75 HPs)
             Began as a Formicid Fighter on June 26, 2019.
             Was a High Priest of Okawaru.
             Slain by an orc warrior
             ... wielding a +0 glaive
              (19 damage)
             ... on level 10 of the Dungeon.
             The game lasted 00:17:39 (12045 turns).

Azzok the Cleaver (Formicid Fighter)               Turns: 12045, Time: 00:17:39

Health: -2/75      AC: 19    Str: 24    XL:     11   Next: 54%
Magic:  18/18      EV: 11    Int: 11    God:    Okawaru [*****.]
Gold:   626        SH: 14    Dex: 13    Spells: 10/10 levels left

rFire    + . .     SeeInvis +   D - +8 quarterstaff of Jeoc {venom, Int+3}
rCold    . . .     Gourm    +   c - +0 shield
rNeg     . . .     Faith    .   g - +2 chain mail of Gravitas {rElec rPois rCorr Dex+3}
rPois    +         Spirit   .   (helmet unavailable)
rElec    +         Reflect  .   w - +2 cloak
rCorr    +         Harm     .   u - +2 pair of gloves
MR       +....                  (no boots)
Stlth    ..........             e - amulet of the gourmand
HPRegen  0.22/turn              b - ring of protection from fire (curse)
MPRegen  0.16/turn              (no ring)

@: heroism
A: permanent stasis, dig shafts and tunnels, four strong arms, antennae 3
a: Dig, Shaft Self, Heroism, Finesse, Renounce Religion


You were on level 10 of the Dungeon.
You worshipped Okawaru.
Okawaru was extremely pleased with you.
You were not hungry.

You visited 2 branches of the dungeon, and saw 11 of its levels.
You also visited: Sewer.

You collected 626 gold pieces.

Inventory:

Hand Weapons
 D - the +8 quarterstaff of Jeoc (weapon) {venom, Int+3}
   (You found it on level 9 of the Dungeon)

   It poisons the flesh of those it strikes.
   It affects your intelligence (+3).
Armour
 c - a +0 shield (worn)
 g - the +2 chain mail of Gravitas (worn) {rElec rPois rCorr Dex+3}
   (You found it on level 5 of the Dungeon)

   It affects your dexterity (+3).
   It insulates you from electricity.
   It protects you from poison.
   It provides partial protection from all sources of acid and corrosion.
 u - a +2 pair of gloves (worn)
 w - a +2 cloak (worn)
Jewellery
 b - a cursed ring of protection from fire (left hand)
 e - an amulet of the gourmand (around neck)
Wands
 h - a wand of flame (27)
 q - a wand of iceblast (7)
 v - a wand of random effects (22)
 B - a wand of paralysis (6)
Scrolls
 j - 3 scrolls of magic mapping
 k - 2 scrolls of enchant armour
 o - a scroll of enchant weapon
 p - a scroll of identify
 r - 2 scrolls of immolation {unknown}
 y - a scroll of vulnerability {unknown}
 C - a scroll of fog
Potions
 a - 2 potions of ambrosia {unknown}
 d - 5 potions of might
 i - 4 potions of lignification {unknown}
 l - 2 potions of invisibility {unknown}
 m - 8 potions of curing {unknown}
 n - 5 potions of heal wounds
 s - 2 potions of flight {unknown}
 t - 4 potions of agility
 x - a potion of haste {unknown}
 z - 3 potions of brilliance {unknown}
 A - 4 potions of degeneration {unknown}
Comestibles
 f - 18 rations


   Skills:
 - Level 3.2(8.2) Fighting
   Level 11.8(16.8) Axes
 - Level 3.2(8.2) Armour
 - Level 9.0(14.0) Shields
 - Level 10.0 Invocations
 + Level 6.8 Evocations


You had 10 spell levels left.
You didn't know any spells.
Your spell library contained the following spells:

 Spells                   Type           Power        Failure   Level  Hunger
 Corona                   Hex            #......      90%         1    ##.....
 Freeze                   Ice            #...         90%         1    ##.....
 Magic Dart               Conj           #...         90%         1    ##.....
 Call Imp                 Summ           #.......     97%         2    ###....
 Ensorcelled Hibernation  Hex/Ice        #.....       97%         2    ###....
 Slow                     Hex            #.......     97%         2    ###....
 Throw Frost              Conj/Ice       #.....       97%         2    ###....
 Confuse                  Hex            #.......     99%         3    ####...
 Conjure Flame            Conj/Fire      #.......     99%         3    ####...
 Dazzling Spray           Conj/Hex       #.....       99%         3    ####...
 Mephitic Cloud           Conj/Pois/Air  #.......     99%         3    ####...
 Ozocubu's Armour         Chrm/Ice       #.......     99%         3    ####...
 Tukima's Dance           Hex            #.......     99%         3    ####...
 Summon Ice Beast         Ice/Summ       #.......     100%        4    #####..
 Throw Icicle             Conj/Ice       #.......     100%        4    #####..
 Blink                    Tloc           Unusable     N/A         2    N/A

Dungeon Overview and Level Annotations

Branches:
Dungeon (10/15)            Temple (1/1) D:5            Lair (0/6) D:8
    Orc (0/2) D:10

Altars:
Dithmenos
Elyvilon
Fedhas
Makhleb
Nemelex Xobeh
Okawaru
Qazlal
Sif Muna
Trog
Uskayaw
Vehumet
Wu Jian
Xom
Yredelemnul
Beogh

Shops:
D:5 :   D:6 [

Annotations:
D:8 exclusion: ice statue


Innate Abilities, Weirdness & Mutations

You cannot be hasted, slowed, berserked, paralysed or teleported.
You can dig through walls and to a lower floor.
Your four strong arms can wield two-handed weapons with a shield.
You have a pair of large antennae on your head. (SInv)


Message History

The orc knight looks as sick as possible!
The orc knight is heavily wounded.
The orc warrior barely misses you. You block the orc warrior's attack.
You block the orc knight's attack.
You thump the orc knight!
The orc knight looks as sick as possible!
The orc knight is heavily wounded.
You block the orc warrior's attack.
The orc warrior hits you with a +0 war axe.
* * * LOW HITPOINT WARNING * * *
You hit the orc knight.
The orc knight looks as sick as possible!
The orc knight is severely wounded.
The orc knight hits you with a +0 battleaxe.
* * * LOW HITPOINT WARNING * * *
You block the orc warrior's attack. x2
You feel much better. You block the orc knight's attack.
You block the orc warrior's attack.
The orc warrior hits you from afar with a +0 glaive!!
You die...

▒·▒ ▒·▒ ▒·▒···>········· ▒·▒
▒·▒ ▒·▒▒▒·····▒▒▒▒▒▒ ▒·▒ ▒·▒
▒·▒▒▒··········· ▒·▒ ▒·▒
▒▒·······▒▒▒▒▒▒▒▒ ▒·▒ ▒·▒
▒················ ▒·▒
▒·▒▒▒▒▒▒▒▒▒▒·▒▒▒▒·▒▒▒▒▒▒▒▒▒▒
▒·▒ ▒·▒▒·)·······▒ ▒·▒ ▒·▒
▒·▒▒·▒▒▒▒▒▒▒▒▒ ▒·▒ ▒·▒
▒·▒▒·▒ ▒o@▒ ▒▒▒▒▒▒▒
▒·▒▒▒▒·▒▒·▒ ▒o▒▒ ·····>·
▒·········▒ ▒o▒ ·····o·
·······▒▒▒▒ ▒o▒ ··⌠·o_·
▒▒▒▒▒▒▒▒ ▒▒▒▒▒▒o▒▒ ··o···· ▒
▒·····o{▒ ···{o8· ▒
▒·▒▒▒▒▒{▒▒8{8▒▒▒▒
▒▒▒▒▒▒▒▒▒▒·▒ ▒o{{{······
···(·······▒ ▒··········


You could see an orc knight, 2 orc warriors, an orc priest and 2 orcs.

Vanquished Creatures
  A two-headed ogre (D:8)
  An unseen horror (D:10)
  An ugly thing (D:10)
  A cyclops (D:7)
  A troll (D:7)
  A hornet (D:8)
  Prince Ribbit (D:8)
  3 hippogriffs
  Sigmund (D:2)
  A hungry ghost (D:10)
  Menkaure (D:5)
  An orc warrior (D:10)
  4 ice beasts
  6 sky beasts
  A phantom (D:7)
  3 ogres
  A necrophage (D:10)
  4 centaurs
  2 crocodiles (D:8)
  5 big kobolds
  2 bullfrogs
  A water moccasin zombie (D:4)
  2 gnoll sergeants
  A scorpion (D:5)
  15 killer bees
  A howler monkey (D:9)
  2 bullfrog zombies
  3 crimson imps
  7 hounds
  2 jellies
  2 quasits
  A gnoll shaman (D:4)
  10 orc priests
  Jessica (D:3)
  A bullfrog skeleton (D:7)
  2 orc wizards (D:10)
  Ijyb (D:3)
  Terence (D:3)
  2 iguanas
  4 worker ants
  A hound zombie (D:5)
  A hound skeleton (D:4)
  A howler monkey zombie (D:6)
  A worker ant zombie (D:6)
  Robin (D:2)
  16 gnolls
  10 adders
  A river rat (Sewer)
  2 shadow imps
  3 ufetubi (D:8)
  An adder zombie (D:8)
  An adder skeleton (D:5)
  4 worms
  2 dart slugs
  7 leopard geckos
  34 orcs
  8 bats
  10 giant cockroaches
  16 goblins
  14 hobgoblins
  11 jackals
  2 quokkas
  2 ball pythons
  2 frilled lizards
  A giant cockroach zombie (D:6)
  2 gnoll zombies (D:5)
  26 kobolds
  31 rats
312 creatures vanquished.

Notes
Turn   | Place    | Note
-------+----------+-------------------------------------------
     0 | D:1      | Azzok the Formicid Fighter began the quest for the Orb.
     0 | D:1      | Reached XP level 1. HP: 18/18 MP: 1/1
   186 | D:1      | Reached XP level 2. HP: 24/24 MP: 2/2
   662 | D:1      | Reached XP level 3. HP: 29/29 MP: 3/3
   941 | D:2      | Noticed Robin
  1197 | D:2      | Killed Robin
  1197 | D:2      | Reached skill level 3 in Axes
  1302 | D:2      | Reached XP level 4. HP: 35/35 MP: 4/4
  1323 | D:2      | Noticed Sigmund
  1338 | D:2      | Killed Sigmund
  1338 | D:2      | Reached skill level 4 in Axes
  1338 | D:2      | Reached XP level 5. HP: 29/41 MP: 5/5
  1338 | D:2      | Reached XP level 6. HP: 34/47 MP: 6/6
  1734 | D:2      | Found a sparkling altar of Nemelex Xobeh.
  2427 | D:3      | Noticed Terence
  2440 | D:3      | Noticed Jessica
  2465 | D:3      | Killed Terence
  2465 | D:3      | Reached skill level 5 in Axes
  2465 | D:3      | Reached XP level 7. HP: 45/52 MP: 7/7
  2472 | D:3      | Killed Jessica
  2648 | D:3      | Noticed Ijyb
  2666 | D:3      | Killed Ijyb
  3677 | D:4      | Reached skill level 6 in Axes
  3904 | D:5      | Entered Level 5 of the Dungeon
  3910 | D:5      | Found a staircase to the Ecumenical Temple.
  3928 | D:5      | Reached XP level 8. HP: 38/58 MP: 8/8
  3934 | D:5      | Noticed Menkaure
  3938 | Temple   | Entered the Ecumenical Temple
  4159 | Temple   | Became a worshipper of Warmaster Okawaru
  4189 | D:5      | Killed Menkaure
  4439 | D:5      | Found a basalt altar of Yredelemnul.
  4467 | D:5      | Found Maten's Book Boutique.
  4634 | D:5      | Reached skill level 7 in Axes
  5266 | D:5      | Got a shimmering chain mail
  5674 | D:5      | Identified the +2 chain mail of Gravitas {rElec rPois rCorr
                  | Dex+3} (You found it on level 5 of the Dungeon)
  5743 | D:6      | Reached skill level 8 in Axes
  5783 | D:6      | Reached skill level 1 in Invocations
  5783 | D:6      | Reached XP level 9. HP: 62/64 MP: 8/10
  5930 | D:6      | Found a glowing drain.
  5944 | Sewer    | Entered a sewer
  6053 | Sewer    | Reached * piety under Okawaru
  6104 | Sewer    | Found a glowing silver altar of Zin.
  6185 | D:6      | Found Farril's Armour Boutique.
  6608 | D:7      | Noticed a hippogriff
  6624 | D:7      | Killed a hippogriff
  6624 | D:7      | Reached skill level 9 in Axes
  6743 | D:7      | Noticed a hippogriff
  6757 | D:7      | Killed a hippogriff
  6757 | D:7      | Reached skill level 5 in Invocations
  6799 | D:7      | Reached ** piety under Okawaru
  7379 | D:8      | Noticed a troll
  7401 | D:7      | Killed a troll
  7401 | D:7      | Reached XP level 10. HP: 54/70 MP: 13/15
  7481 | D:8      | Reached skill level 10 in Axes
  7511 | D:8      | Noticed a cyclops
  7975 | D:7      | Killed a cyclops
  8316 | D:8      | Found a staircase to the Lair.
  8339 | D:8      | Noticed an ice devil
  8581 | D:8      | Noticed an ice devil
  8581 | D:8      | Noticed an ice devil
  8581 | D:8      | Noticed an ice devil
  8586 | D:8      | Noticed an ice statue
  8608 | D:8      | Noticed an ice devil
  8782 | D:8      | Reached *** piety under Okawaru
  9232 | D:8      | Found a bloodstained altar of Trog.
  9240 | D:8      | Noticed Prince Ribbit
  9283 | D:8      | Killed Prince Ribbit
  9568 | D:8      | Reached skill level 11 in Axes
 10069 | D:9      | Noticed a two-headed ogre
 10147 | D:8      | Killed a two-headed ogre
 10147 | D:8      | Reached skill level 10 in Invocations
 10147 | D:8      | Reached XP level 11. HP: 68/75 MP: 16/18
 10411 | D:9      | Reached skill level 1 in Evocations
 10443 | D:9      | Reached **** piety under Okawaru
 10996 | D:9      | Got a bloodstained quarterstaff
 10997 | D:9      | Identified the +8 quarterstaff of Jeoc {venom, Int+3} (You
                  | found it on level 9 of the Dungeon)
 11290 | D:10     | Entered Level 10 of the Dungeon
 11396 | D:10     | Noticed an unseen horror
 11410 | D:10     | Killed an unseen horror
 11410 | D:10     | Reached skill level 5 in Evocations
 11813 | D:10     | Noticed a red ugly thing
 11821 | D:10     | Killed a red ugly thing
 11821 | D:10     | Reached ***** piety under Okawaru
 12014 | D:10     | Noticed an orc knight
 12017 | D:10     | Found a roughly hewn altar of Beogh.
 12017 | D:10     | Found a staircase to the Orcish Mines.
 12044 | D:10     | HP: 2/75 [orc knight/+0 battleaxe (6)]
 12045 | D:10     | Slain by an orc warrior

Levels and vault maps discovered:
D:1:      dpeg_arrival_shelter, layout_basic
D:2:      layout_rooms, first_ration, nemelex_lonely_heart_becter, uniq_sigmund,
          uniq_robin
D:3:      layout_basic, minivault_23, st_stairs_4, minmay_rat_hole,
          uniq_terence, uniq_ijyb, uniq_jessica
D:4:      layout_cave_pools
D:5:      layout_gridville, lemuel_zombie_altar_yredelemnul,
          minmay_temple_entry_ruins, serial_shops, nicolae_shop_crystal,
          uniq_menkaure
D:6:      layout_basic, serial_shops, shop, portal_sewer_entry_f
D:7:      minmay_cornered_nines, layout_rooms, grunt_ogre_cave,
          lemuel_flamethrower_1
D:8:      cheibrodos_frozen_isle, layout_cave_pools, dpeg_oklobed_lair,
          trog_three_pillars_becter, uniq_prince_ribbit1
D:9:      layout_cave_pools
D:10:     layout_loops_ring, david_orc_5, hangedman_decor_riveting
Temple:   compressed_dpeg_triangle_lava_temple

Skill      XL: |  1  2  3  4  5  6  7  8  9 10 11 |
---------------+----------------------------------+-----
Shields        | 4 6 8 9 |  9.0
Axes           | 3 4 5 6 8 9 11 | 11.8
Invocations    | 1 6 10 | 10.0
Evocations     | 6 |  6.8
Fighting       | |  3.2
Armour         | |  3.2

Action                   |  1- 3 |  4- 6 |  7- 9 | 10-12 || total
-------------------------+-------+-------+-------+-------++-------
Melee: War axe           |    56 |       |       |       ||    56
       Spear             |    38 |   204 |   694 |   534 ||  1470
       Quarterstaff      |       |       |       |   115 ||   115
Invok: Heroism           |       |       |     1 |     8 ||     9
  Use: Scroll            |       |       |     9 |     1 ||    10
       Potion            |       |       |       |     2 ||     2
  Eat: Chunk             |     1 |     4 |    27 |    19 ||    51
       Ration            |       |       |     1 |     1 ||     2
Armor: Chain mail        |    49 |    67 |   260 |   252 ||   628
       Scale mail        |     3 |       |       |       ||     3
Dodge: Dodged            |    21 |    31 |   148 |   195 ||   395
Block: Shield            |    64 |    81 |   347 |   382 ||   874

Table legend:
 A = Non-vault XP
 B = Vault XP
 C = Vault XP percentage of total XP
 D = Non-vault monster count
 E = Vault monster count
 F = Vault count percentage of total count
                 A         B        C        D         E       F
            +---------+---------+-------+---------+---------+-------
      Total |   10507 |    1476 |  12.3 |     248 |      64 |  20.5
            +---------+---------+-------+---------+---------+-------
        D:1 |      34 |       6 |  15.0 |      20 |       3 |  13.0
        D:2 |      52 |     254 |  83.0 |      25 |       8 |  24.2
        D:3 |     201 |     135 |  40.2 |      29 |      24 |  45.3
        D:4 |     304 |       0 |   0.0 |      21 |       0 |   0.0
        D:5 |     746 |     172 |  18.7 |      26 |       3 |  10.3
        D:6 |     455 |      11 |   2.4 |      18 |       4 |  18.2
        D:7 |    2005 |     336 |  14.4 |      22 |       4 |  15.4
        D:8 |    3263 |     288 |   8.1 |      46 |       4 |   8.0
        D:9 |    1005 |       0 |   0.0 |      16 |       0 |   0.0
       D:10 |    2417 |     146 |   5.7 |      24 |       4 |  14.3
     Temple |      25 |       0 |   0.0 |       1 |       0 |   0.0
      Sewer |       0 |     128 | 100.0 |       0 |      10 | 100.0
            +---------+---------+-------+---------+---------+-------
